 Dungeon Crawl Stone Soup version 0.27-a0-1188-g73eefd5def (webtiles) character file.

Game seed: 5500261936468412174

1730 quinnr the Firebug (level 9, -6/52 HPs)
             Began as a Tengu Fire Elementalist on May 19, 2021.
             Was a Believer of Nemelex Xobeh.
             Killed from afar by a rime drake (21 damage)
             ... with a flash freeze
             ... on level 6 of the Dungeon on May 20, 2021.
             The game lasted 00:30:15 (8130 turns).

quinnr the Firebug (Tengu Fire Elementalist)        Turns: 8130, Time: 00:30:18

Health: -6/52      AC:  5    Str: 10    XL:     9   Next: 5%
Magic:  1/17       EV: 15    Int: 17    God:    Nemelex Xobeh [**....]
Gold:   118        SH:  5    Dex: 15    Spells: 7/18 levels left

rFire    . . .     SeeInvis .   c - +0 spear
rCold    . . .     Faith    .   (no shield)
rNeg     . . .     Spirit   .   a - +0 robe
rPois    +         Reflect  +   (helmet restricted)
rElec    .         Harm     .   (no cloak)
rCorr    .         Rampage  .   g - +2 pair of gloves
Will     .....                  (boots unavailable)
Stlth    +.........             i - amulet of reflection
HPRegen  0.17/turn              p - ring of poison resistance
MPRegen  0.15/turn              (no ring)

@: lit by a corona, flying quickly and evasively, glowing, quick
A: beak, talons 3, nimble flight
a: Renounce Religion, Draw Escape, Draw Destruction, Draw Summoning


You were on level 6 of the Dungeon.
You worshipped Nemelex Xobeh.
Nemelex Xobeh was pleased with you.
You visited 1 branch of the dungeon, and saw 6 of its levels.
You also visited: Sewer.

You collected 206 gold pieces.
You spent 88 gold pieces at shops.

Inventory:

Hand Weapons
 c - a +0 spear (weapon)
Missiles
 j - 2 silver javelins (quivered)
 l - 169 stones
 r - 46 poisoned darts
Armour
 a - a +0 robe (worn)
 g - a +2 pair of gloves (worn)
Jewellery
 i - an amulet of reflection (around neck)
 p - a ring of poison resistance (left hand)
 x - a ring of ice
Wands
 t - a wand of polymorph (10)
Scrolls
 b - a scroll of blinking {unknown}
 e - 2 scrolls of enchant armour
 f - 2 scrolls of magic mapping
 m - a scroll of immolation {unknown}
 s - a scroll of noise {unknown}
 u - a scroll of fear {unknown}
 v - 2 scrolls of teleportation {unknown}
 w - a scroll of torment {unknown}
 y - a scroll of fog {unknown}
Potions
 h - a potion of berserk rage {unknown}
 k - a potion of heal wounds {unknown}
 n - a potion of magic {unknown}
 o - a potion of attraction
 q - 3 potions of mutation
 z - a potion of flight {unknown}
 A - 2 potions of degeneration {unknown}
 C - a potion of haste {unknown}


   Skills:
 - Level 4.0 Fighting
 - Level 3.0 Throwing
 - Level 3.0 Dodging
 - Level 2.0 Stealth
 + Level 5.0 Spellcasting
 - Level 5.0 Conjurations
 - Level 3.0 Hexes
 - Level 3.0 Necromancy
 - Level 6.0 Fire Magic
 - Level 2.0 Invocations


You had 7 spell levels left.
You knew the following spells:

 Your Spells              Type           Power      Damage    Failure   Level
a - Foxfire               Conj/Fire      88%        2x1d8     1%          1
b - Animate Skeleton      Necr           28%        N/A       4%          1
c - Pain                  Necr           56%        1d6       4%          1
d - Inner Flame           Hex/Fire       19%        N/A       7%          3
e - Apportation           Tloc           8%         N/A       14%         1
f - Sticky Flame          Conj/Fire      22%        2d4       14%         4

Your spell library contained the following spells:

 Spells                   Type           Power      Damage    Failure   Level
 Corona                   Hex            15%        N/A       4%          1
 Conjure Flame            Conj/Fire      22%        6-21      4%          3
 Vampiric Draining        Necr           7%         2d7       12%         3
 Summon Small Mammal      Summ           16%        N/A       14%         1
 Animate Dead             Necr           7%         N/A       38%         4
 Fireball                 Conj/Fire      11%        3d7       38%         5
 Agony                    Necr           14%        N/A       75%         5


Dungeon Overview and Level Annotations

Branches:
Dungeon (6/15)             Temple (0/1) D:6           Sewer (visited)

Altars:
Gozag
Makhleb
Nemelex Xobeh

Shops:
D:3 *

Annotations:
D:6 1 runed translucent door, exclusion: komodo dragon


Innate Abilities, Weirdness & Mutations

You have a beak for a mouth.
You have claws for feet.
Your magical nature lets you fly swiftly and evasively.


Message History

The water moccasin poisons you!
Unknown command.
You feel very sick.
The foxfire hits the water moccasin.
The water moccasin is moderately wounded.
The foxfire hits the water moccasin but does no damage.
The water moccasin is moderately wounded.
Casting: Foxfire (safe; 1% risk of failure)
Confirm with . or Enter, or press ? or * to list all spells.
You conjure some foxfire!
You feel sick.
The water moccasin completely misses you.
The water moccasin bites you but does no damage.
Unknown command.
You feel better.
The foxfire hits the water moccasin.
The water moccasin is heavily wounded.
The foxfire hits the water moccasin.
The water moccasin is heavily wounded.
The water moccasin bites you but does no damage.
You barely miss the water moccasin. Your kick misses the water moccasin.
Your peck misses the water moccasin.
The water moccasin is heavily wounded.
The water moccasin bites you.
* * * LOW HITPOINT WARNING * * *
The water moccasin completely misses you.
Unknown command.
Throw: dart (curare)
Press: ? - help, Q - select action, (/) - cycle Shift-Dir - straight line, f - water moccasin
Aim: a water moccasin (heavily wounded, 44% to hit)
You throw a curare-tipped dart.
The curare-tipped dart closely misses the water moccasin.
You block the water moccasin's attack.
Unknown command.
Unknown command.
You draw a card...
You have drawn Degeneration.
The water moccasin evaporates and reforms as a rime drake!
The rime drake twists and deforms.
The rime drake breathes ice at you. The flash freeze hits you!!
You die...
Your body disappears without additional glow.

..+ ##########
###..#
##...##...###.....
##..........#.....
#...............#
#....@k...).(#.#
#..............#
##>............#
##...##.......#
############.#
#.## # #..######
##.......
############..


You could see a rime drake (catching breath, misshapen).

Vanquished Creatures
  Sigmund (D:3)
  An orc warrior (D:5)
  A black bear (D:5)
  Purgy (Sewer)
  A necrophage (D:4)
  4 ogres
  A centaur (D:5)
  2 phantoms
  A kobold brigand (D:6)
  A water moccasin zombie (D:6)
  A scorpion (D:4)
  A howler monkey (D:6)
  2 hounds (D:5)
  A centaur skeleton (D:5)
  A gnoll shaman (D:6)
  3 orc priests
  An iguana (D:6)
  2 orc wizards
  A river rat (D:4)
  4 adders
  3 worms
  2 dart slugs
  14 orcs
  6 bats
  9 endoplasms
  5 giant cockroaches
  6 goblins
  4 hobgoblins
  11 jackals
  14 kobolds
  5 quokkas
  7 ball pythons
  7 frilled lizards
  3 rats
127 creatures vanquished.

Vanquished Creatures (collateral kills)
  2 foxfires (D:1)
2 creatures vanquished.

Vanquished Creatures (others)
  An orc wizard (D:3)
  366 foxfires
  A plant (D:1)
368 creatures vanquished.

Grand Total: 497 creatures vanquished

Notes
Turn   | Place    | Note
-------+----------+-------------------------------------------
     0 | D:1      | quinnr the Tengu Fire Elementalist began the quest for the
                  | Orb.
     0 | D:1      | Reached XP level 1. HP: 10/10 MP: 4/4
     0 | D:1      | Upgraded the game from 0.27-a0-1186-g8b4daa1eef to
                  | 0.27-a0-1188-g73eefd5def
   160 | D:1      | Reached XP level 2. HP: 15/15 MP: 3/6
   339 | D:1      | quinnr: !apt Tengu
   339 | D:1      | beem: Te: Fighting: 0, Short: 1, Long: 1, Axes: 1, Maces:
                  | 1, Polearms: 1, Staves: 1, Slings: 0, Bows: 1, Xbows: 1,
                  | Throw: 0, Armour: 1, Dodge: 1, Stealth: 1, Shields: 0, UC:
                  | 1, Splcast: -1, Conj: 3, Hexes: -3, Charms: N/A, Summ: 2,
                  | Nec: 1, Tloc: -2, Tmut: -2, Fire: 1, Ice: -1, Air: 3,
                  | Earth: -3*, Poison: 0, Inv: -1*, Evo: 0, Exp: 0, HP: -2,
                  | MP: 1
   341 | D:1      | Learned a level 1 spell: Animate Skeleton
   367 | D:1      | Learned a level 1 spell: Pain
   982 | D:1      | Reached XP level 3. HP: 19/19 MP: 4/7
  1022 | D:1      | Reached skill level 1 in Necromancy
  1183 | D:2      | Found a faded altar of an unknown god.
  2218 | D:3      | Reached XP level 4. HP: 23/24 MP: 0/9
  2573 | D:3      | quinnr: ??animate skeleton
  2573 | D:3      | beem: animate skeleton[1/2]: Animates a temporary skeleton
                  | from the nearest corpse or skeleton in LOS. Spellpower
                  | increases the {hit dice} of the raised skeleton, increasing
                  | its HP and melee accuracy.
  2573 | D:3      | quinnr: ??animate dead
  2573 | D:3      | beem: animate dead[1/2]: Attempts to raise all corpses and
                  | skeletons in LoS as temporary zombies or skeletons.
  2573 | D:3      | quinnr: ??animate dead[2
  2573 | D:3      | beem: animate dead[2/2]: Monster animate dead is gone in
                  | trunk.
  2577 | D:3      | Learned a level 3 spell: Inner Flame
  2696 | D:3      | Gained mutation: Your magical nature lets you fly swiftly
                  | and evasively. [Tengu growth]
  2696 | D:3      | Reached XP level 5. HP: 7/28 MP: 1/10
  3092 | D:3      | Reached skill level 1 in Fighting
  3142 | D:3      | Noticed Sigmund
  3148 | D:3      | Killed Sigmund
  3149 | D:3      | Reached skill level 1 in Hexes
  3149 | D:3      | Reached skill level 4 in Fire Magic
  3149 | D:3      | Reached XP level 6. HP: 34/34 MP: 7/11
  3185 | D:3      | Found a sparkling altar of Nemelex Xobeh.
  3189 | D:3      | Became a worshipper of Nemelex Xobeh the Trickster
  3424 | D:3      | Found Meapeagi's Assorted Antiques.
  3541 | D:3      | Found a burning altar of Makhleb.
  3974 | D:4      | Learned a level 1 spell: Apportation
  4001 | D:4      | Reached skill level 5 in Fire Magic
  4057 | D:4      | Found a glowing drain.
  4072 | Sewer    | Entered a sewer
  4209 | Sewer    | Noticed Purgy
  4228 | Sewer    | Killed Purgy
  4432 | D:4      | Reached XP level 7. HP: 22/38 MP: 8/12
  4845 | D:4      | Reached * piety under Nemelex Xobeh
  5085 | D:4      | Learned a level 4 spell: Sticky Flame
  5268 | D:5      | Entered Level 5 of the Dungeon
  5333 | D:3      | Bought a scroll of identify for 44 gold pieces
  5333 | D:3      | Bought a scroll labelled CIAWKO LIPT for 22 gold pieces
  5333 | D:3      | Bought a scroll labelled RUTUBI DITAOM for 22 gold pieces
  5532 | D:5      | Reached XP level 8. HP: 46/46 MP: 9/15
  5548 | D:5      | Reached skill level 1 in Throwing
  5548 | D:5      | Reached skill level 1 in Invocations
  6182 | D:5      | Found an opulent altar of Gozag.
  6380 | D:5      | Reached skill level 5 in Spellcasting
  6636 | D:5      | Received a gift from Nemelex Xobeh
  7705 | D:6      | Found a staircase to the Ecumenical Temple.
  7914 | D:6      | Reached ** piety under Nemelex Xobeh
  7921 | D:6      | Reached XP level 9. HP: 45/52 MP: 10/17
  8018 | D:6      | Noticed a komodo dragon
  8108 | D:6      | Found a large runed translucent door.
  8120 | D:6      | Reached skill level 5 in Conjurations
  8120 | D:6      | Reached skill level 6 in Fire Magic
  8130 | D:6      | Noticed a rime drake
  8130 | D:6      | a water moccasin changed into a rime drake
  8130 | D:6      | Killed from afar by a rime drake

Illustrated notes

Levels and vault maps discovered:
D:1:      dpeg_arrival_orchard, layout_loops_ring, serial_forest,
          infiniplex_forest_lined_4_way, infiniplex_forest_corner_1,
          infiniplex_forest_clump_small, infiniplex_forest_lined_ring,
          infiniplex_forest_clump_cross, infiniplex_forest_end_2
D:2:      layout_basic, shapermc_ecumenical_altar_starsandcircs,
          minmay_misc_feat_encased
D:3:      cheibrodos_pilgrimage, layout_basic, old_standard_altar,
          nemelex_diamond_rough_becter, serial_shops, nicolae_shop_statue_plus,
          kennysheep_boxes, uniq_sigmund
D:4:      layout_basic, portal_sewer_entry_b, minmay_between
D:5:      layout_basic, grunt_gozag_breadcrumbs, grunt_ministairs_4,
          minivault_11
D:6:      layout_rooms, nicolae_tso_swordbearing_angel, temple_fountains,
          minmay_hollow_rounded_squares

Skill      XL: |  1  2  3  4  5  6  7  8  9 |
---------------+----------------------------+-----
Conjurations   | 2 3 4 5 |  5.0
Necromancy     | 2 3 |  3.0
Spellcasting   | 3 4 5 |  5.0
Fighting       | 1 3 4 |  4.0
Hexes          | 1 3 |  3.0
Fire Magic     | 4 5 6 |  6.0
Dodging        | 3 |  3.0
Throwing       | 3 |  3.0
Invocations    | 2 |  2.0
Stealth        | |  2.0

Action                   |  1- 3 |  4- 6 |  7- 9 || total
-------------------------+-------+-------+-------++-------
Melee: Spear             |     9 |    43 |    16 ||    68
       Kick              |     4 |     8 |     4 ||    16
       Peck              |     1 |     6 |     3 ||    10
Throw: Dart              |       |       |     1 ||     1
 Cast: Foxfire           |    59 |    70 |    99 ||   228
       Pain              |     8 |    12 |    15 ||    35
       Animate Skeleton  |     3 |    13 |     9 ||    25
       Inner Flame       |       |    10 |     8 ||    18
       Sticky Flame      |       |       |     3 ||     3
       Apportation       |       |       |     1 ||     1
Invok: Draw Destruction  |       |       |     1 ||     1
  Use: Potion            |       |     5 |     1 ||     6
       Scroll            |       |     5 |     2 ||     7
Armor: Robe              |     2 |     7 |    16 ||    25
       Skin              |       |     3 |       ||     3
Dodge: Dodged            |    14 |    55 |    52 ||   121
Block: Other             |     1 |    26 |    21 ||    48
       Reflection        |       |       |     1 ||     1

Table legend: (Time is in decaauts)
 A = Elapsed time spent in this place.
 B = Non-inter-level travel time spent in this place.
 C = Inter-level travel time spent in this place.
 D = Time resting spent in this place.
 E = Time spent auto-exploring this place.
 F = Levels seen in this place.
 G = Mean time per level.
                   A        B        C        D        E       F      G
               +--------+--------+--------+--------+--------+-----+--------+
         Total |   7852 |   7559 |    293 |   1662 |   4567 |   7 | 1121.7 |
       Dungeon |   7507 |   7214 |    293 |   1496 |   4484 |   6 | 1251.2 |
         Sewer |    344 |    344 |      0 |    166 |     82 |   1 |  344.0 |
               +--------+--------+--------+--------+--------+-----+--------+

Top non-repeatable levels by time:
     D:5: 2093 daAuts
     D:2: 1383 daAuts
     D:3: 1284 daAuts
     D:1: 1159 daAuts
     D:4: 1120 daAuts
     D:6: 465 daAuts
   Sewer: 344 daAuts
